 Dungeon Crawl Stone Soup version 0.29-a0-296-gda187f2e07 (webtiles) character file.

Game seed: 16395992104917859940

178 Batawi the Chopper (level 5, -1/47 HPs)
             Began as a Hill Orc Fighter on Mar 19, 2022.
             Slain by a gnoll
             ... wielding a +0 flail
              (5 damage)
             ... on level 4 of the Dungeon.
             The game lasted 00:02:42 (417 turns).

Batawi the Chopper (Hill Orc Fighter)                Turns: 417, Time: 00:02:42

Health: -1/47      AC:  7    Str: 21    XL:     5   Next: 58%
Magic:  5/5        EV:  9    Int:  8    God:
Gold:   22         SH:  4    Dex: 10    Spells: 4/4 levels left

rFire   . . .      SeeInvis .   a - +0 war axe
rCold   . . .      Faith    .   c - +0 buckler
rNeg    . . .      Spirit   .   b - +0 scale mail
rPois   .          Reflect  .   (no helmet)
rElec   .          Harm     .   (no cloak)
rCorr   .          Rampage  .   (no gloves)
Will    .....                   (no boots)
Stlth   ..........              (no amulet)
HPRegen 0.15/turn               (no ring)
MPRegen 0.09/turn               (no ring)

@: no status effects
A: no striking features
a: no special abilities


You were on level 4 of the Dungeon.
You visited 1 branch of the dungeon, and saw 4 of its levels.

You collected 22 gold pieces.

Inventory:

Hand Weapons
 a - a +0 war axe (weapon)
Armour
 b - a +0 scale mail (worn)
 c - a +0 buckler (worn)
Wands
 g - a wand of iceblast (7)
Scrolls
 e - a scroll of brand weapon {unknown}
 h - a scroll of identify {unknown}
Potions
 d - a potion of might
 f - a potion of curing {unknown}


   Skills:
 + Level 4.7 Fighting
 + Level 4.9 Axes
 + Level 4.2 Armour
 + Level 0.5 Dodging
 + Level 3.9 Shields


You had 4 spell levels left.
You didn't know any spells.
Your spell library was empty.

Dungeon Overview and Level Annotations

Branches:
Dungeon (4/15)
 Temple: D:4-7

Altars:


Message History

A gnoll comes into view. It is wielding a +0 spear.
The gnoll shouts!
A gnoll shaman comes into view. It is wielding a +0 club.
A gnoll comes into view. It is wielding a +0 club.
The gnoll shaman shouts!
You hear a shout!
The gnoll hits you but does no damage.
The gnoll shaman calls upon its god to speed up something.
A gnoll comes into view. It is wielding a +0 flail.
The gnoll shouts!
You block the gnoll's attack. The gnoll hits you with a +0 spear.
You slash the gnoll!
You kill the gnoll!
You hit the gnoll.
The gnoll is moderately wounded.
The gnoll shaman calls upon its god to speed up the gnoll.
The gnoll seems to speed up.
The gnoll barely misses you. The gnoll hits you but does no damage.
The gnoll shaman completely misses you. The gnoll hits you with a +0 flail.
The gnoll hits you with a +0 club.
* * * LOW HITPOINT WARNING * * *
You see here a +0 spear.
You hit the gnoll shaman.
The gnoll shaman is lightly wounded.
You barely miss the gnoll. x2; The gnoll barely misses you.
The gnoll hits you with a +0 club.
* * * LOW HITPOINT WARNING * * *
The gnoll shaman hits you with a +0 club.
* * * LOW HITPOINT WARNING * * *
The gnoll closely misses you. The gnoll barely misses you.
You slash the gnoll shaman!
The gnoll shaman is heavily wounded.
You closely miss the gnoll. You slash the gnoll!
The gnoll shaman hits you with a +0 club.
* * * LOW HITPOINT WARNING * * *
The gnoll misses you. You block the gnoll's attack.
The gnoll shaman hits you with a +0 club.
* * * LOW HITPOINT WARNING * * *
The gnoll hits you with a +0 flail.
You die...

# # # ## #. #.
.######## #.[.
......gg# ###.
#@## #.
#.g####### #.
##.......### #.
#######...#######
###........
#########


You could see a gnoll shaman and 2 gnolls.

Vanquished Creatures
  A necrophage (D:4)
  A bullfrog (D:4)
  A gnoll (D:4)
  2 adders
  A dart slug (D:2)
  An endoplasm (D:1)
  A giant cockroach (D:1)
  3 hobgoblins
  3 jackals (D:2)
  4 ball pythons
  A frilled lizard (D:3)
  5 goblins
  2 kobolds
26 creatures vanquished.

Notes
Turn   | Place    | Note
-------+----------+-------------------------------------------
     0 | D:1      | Batawi the Hill Orc Fighter began the quest for the Orb.
     0 | D:1      | Reached XP level 1. HP: 19/19 MP: 1/1
    62 | D:2      | Reached XP level 2. HP: 21/27 MP: 2/2
   131 | D:2      | Reached XP level 3. HP: 26/33 MP: 3/3
   307 | D:4      | Noticed a necrophage
   330 | D:4      | Killed a necrophage
   331 | D:4      | Reached XP level 4. HP: 17/41 MP: 4/4
   344 | D:4      | Noticed a bullfrog
   353 | D:4      | Killed a bullfrog
   354 | D:4      | Reached XP level 5. HP: 21/47 MP: 5/5
   417 | D:4      | Slain by a gnoll

Illustrated notes

Levels and vault maps discovered:
D:1:      roderic_crossed_star, layout_loops_ring
D:2:      layout_basic
D:3:      layout_basic, grunt_decor_mini_mirrors, nrook_loot_triangle
D:4:      layout_rooms, minitemple, uniq_duvessa, uniq_robin

Skill      XL: |  1  2  3 |
---------------+----------+-----
Fighting       | 4 |  4.7
Axes           | 4 |  4.9
Armour         | 4 |  4.2
Dodging        | |  0.5
Shields        | |  3.9

Action                   |  1- 3 |  4- 6 || total
-------------------------+-------+-------++-------
Melee: War axe           |    60 |    19 ||    79
Armor: Scale mail        |    37 |    11 ||    48
Dodge: Dodged            |    29 |    14 ||    43
Block: Buckler           |    14 |    11 ||    25

Table legend: (Time is in decaauts)
 A = Elapsed time spent in this place.
 B = Non-inter-level travel time spent in this place.
 C = Inter-level travel time spent in this place.
 D = Time resting spent in this place.
 E = Time spent auto-exploring this place.
 F = Levels seen in this place.
 G = Mean time per level.
                   A        B        C        D        E       F      G
               +--------+--------+--------+--------+--------+-----+--------+
         Total |    446 |    407 |     39 |      0 |      0 |   4 |  111.5 |
       Dungeon |    446 |    407 |     39 |      0 |      0 |   4 |  111.5 |
               +--------+--------+--------+--------+--------+-----+--------+

Top non-repeatable levels by time:
     D:3: 139 daAuts
     D:4: 133 daAuts
     D:2: 111 daAuts
     D:1: 62 daAuts
